 Dungeon Crawl Stone Soup version 0.31-a0-1036-g31867e143a (webtiles) character file.

Game seed: 8763855572147186345

110338 stendehmen the Executioner (level 16, 0/149 HPs)
             Began as a Minotaur Fighter on Nov 19, 2023.
             Was the Champion of the Shining One.
             Succumbed to poison (poison gas)
             ... on level 1 of the Swamp.
             The game lasted 01:26:29 (26901 turns).

stendehmen the Executioner (Minotaur Fighter)      Turns: 26901, Time: 01:26:29

Health: 0/149      AC: 39    Str: 39    XL:     16   Next: 6%
Magic:  19/19      EV: 12    Int:  5    God:    the Shining One [******]
Gold:   82         SH: 18    Dex: 12    Spells: 15/15 levels left

rFire   . . .        f - +7 broad axe (holy)
rCold   . . .        d - +2 kite shield {reflect}
rNeg    + + +        w - +7 plate armour "Elykiam" {Will+}
rPois   .            Y - +2 hat
rElec   .            g - +2 cloak {rCorr}
rCorr   +            e - +0 pair of gloves
SInv    .            R - +2 pair of boots
Will    ++...        r - amulet of reflection Stlth
                     n - +6 ring of strength
HPRegen 0.44/turn    S - +6 ring of strength
MPRegen 0.16/turn

%: reflection
@: lethally poisoned (0 -> -11), glowing
A: horns 2, retaliatory headbutt, iridescent scales 2, deterioration 1, low MP
1, MP-powered wands
a: Renounce Religion, Divine Shield, Cleansing Flame, Summon Divine Warrior


You were on level 1 of the Swamp.
You worshipped the Shining One.
The Shining One was exalted by your worship.
You visited 5 branches of the dungeon, and saw 24 of its levels.
You also visited: Sewer, Bailey and Gauntlet.

You collected 2366 gold pieces.
You spent 2284 gold pieces at shops.

Inventory:

Hand Weapons
 f - a +7 broad axe of holy wrath (weapon)
Missiles
 v - 29 poisoned darts
Armour
 d - a +2 kite shield of reflection (worn)
 e - a +0 pair of gloves (worn)
 g - a +2 cloak of preservation (worn)
 w - the +7 plate armour "Elykiam" (worn) {Will+}
   (You bought it in a shop on level 2 of the Orcish Mines)

   Will+:     It increases your willpower.
 R - a +2 pair of boots (worn)
 Y - a +2 hat (worn)
Jewellery
 n - a +6 ring of strength (left hand)
 r - an amulet of reflection (around neck)
 C - a ring of willpower
 E - an amulet of faith
 K - a +4 ring of protection
 S - a +6 ring of strength (right hand)
Wands
 j - a wand of paralysis (17)
 x - a wand of digging (3)
 y - a wand of quicksilver (16)
 A - a wand of roots (11)
 B - a wand of mindburst (24)
 O - a wand of flame (18)
Scrolls
 b - 5 scrolls of poison
 o - 3 scrolls of amnesia
 p - 5 scrolls of noise
 t - 3 scrolls of fear
 u - 9 scrolls of teleportation
 F - a scroll of blinking
 G - 4 scrolls of revelation
 I - 4 scrolls of vulnerability
 P - 4 scrolls of butterflies
 Q - a scroll of immolation
 U - 3 scrolls of identify
 W - 2 scrolls of silence
 Z - 2 scrolls of fog
Potions
 a - 4 potions of heal wounds
 c - 6 potions of might
 h - 5 potions of curing
 i - a potion of ambrosia
 k - 2 potions of magic
 l - a potion of berserk rage
 m - a potion of mutation
 s - 5 potions of enlightenment
 z - a potion of invisibility
 D - 3 potions of attraction
 H - a potion of haste
 J - a potion of lignification
 L - 4 potions of brilliance
Miscellaneous
 q - a lightning rod (4/4)
 N - a phial of floods
 V - a sack of spiders


   Skills:
 + Level 15.4 Fighting
 + Level 23.8 Axes
 + Level 15.3 Armour
 + Level 9.2 Dodging
 + Level 9.4 Shields
 + Level 9.3 Invocations


You had 15 spell levels left.
You didn't know any spells.
Your spell library contained the following spells:

 Spells                   Type           Power      Damage    Failure   Level
 Apportation              Tloc           0%         N/A       96%         1
 Magic Dart               Conj           0%         1d3       96%         1
 Shock                    Conj/Air       0%         1d3       96%         1
 Summon Small Mammal      Summ           0%         N/A       96%         1
 Blink                    Tloc           0%         N/A       99%         2
 Call Imp                 Summ           0%         N/A       99%         2
 Cigotuvi's Dreadful Rot  Necr/Pois/Air  0%         N/A       99%         2
 Jinxbite                 Hex            0%         N/A       99%         2
 Lesser Beckoning         Tloc           0%         N/A       99%         2
 Momentum Strike          Conj/Tloc      0%         3d8       99%         2
 Sublimation of Blood     Necr           0%         N/A       99%         2
 Wereblood                Tmut           0%         N/A       99%         2
 Call Canine Familiar     Summ           0%         N/A       100%        3
 Ignite Poison            Fire/Tmut/Pois 0%         N/A       100%        3
 Inner Flame              Hex/Fire       0%         N/A       100%        3
 Mephitic Cloud           Conj/Pois/Air  0%         N/A       100%        3
 Summon Guardian Golem    Hex/Summ       0%         N/A       100%        3
 Swiftness                Air            0%         N/A       100%        3
 Airstrike                Air            0%         2d(0-16)  100%        4
 Animate Dead             Necr           0%         N/A       100%        4
 Vhi's Electric Charge    Tloc/Air       0%         N/A       100%        4
 Alistair's Intoxication  Tmut/Pois      0%         N/A       100%        5
 Arcjolt                  Conj/Air       0%         1d10      100%        5
 Freezing Cloud           Conj/Ice/Air   0%         6-21      100%        5
 Summon Forest            Summ/Tloc      0%         N/A       100%        5
 Summon Mana Viper        Hex/Summ       0%         N/A       100%        5
 Yara's Violent Unravell  Hex/Tmut       0%         3d3       100%        5
 Summon Cactus Giant      Summ           0%         N/A       100%        6
 Enfeeble                 Hex            0%         N/A       100%        7
 Summon Hydra             Summ           0%         N/A       100%        7
 Maxwell's Capacitive Co  Air            0%         ∞         100%        8


Dungeon Overview and Level Annotations

Branches:
Dungeon (14/15)            Temple (1/1) D:5            Lair (5/5) D:11
  Swamp (2/4) Lair:2       Spider (0/4) Lair:3        Slime (0/5) Lair:5
    Orc (2/2) D:12            Elf (0/3) Orc:2        Vaults (0/5) D:13
  Sewer (visited)          Bailey (visited)         Gauntlet (visited)

Altars:
Ashenzari
Cheibriados
Dithmenos
Elyvilon
Fedhas
Gozag
Hepliaklqana
Kikubaaqudgha
Makhleb
Nemelex Xobeh
Okawaru
Qazlal
Ru
Sif Muna
Trog
Uskayaw
Vehumet
Wu Jian
Xom
Yredelemnul
Zin
The Shining One
Lugonu

Shops:
D:3 [*:   D:8 =!(?   Orc:2 ([?=:

Portals:
Abyss: Lair:5


Innate Abilities, Weirdness & Mutations

You have a pair of horns on your head.
You reflexively headbutt those who attack you in melee.
You are mostly covered in iridescent scales. (AC +4)
Your body sometimes deteriorates upon taking damage.
Your magical capacity is low. (-10% MP)
You expend magic power (3 MP) to strengthen your wands.


Message History

The swamp dragon bites you but does no damage.
You block the swamp dragon's attack. x2
You hit the swamp dragon. You headbutt the swamp dragon.
You kill the swamp dragon!
The swamp dragon scales are intact enough to wear.
You are engulfed in poison gas.
You are lethally poisoned!
You feel extremely sick.
Your unstable footing causes you to fumble your attack.
* * * LOW HITPOINT WARNING * * *
You feel extremely sick. The will-o-the-wisp engulfs you.
* * * LOW HITPOINT WARNING * * *
You completely miss the will-o-the-wisp.
* * * LOW HITPOINT WARNING * * *
You feel extremely sick.
A swamp worm comes into view.
The will-o-the-wisp engulfs you but does no damage.
Your unstable footing causes you to fumble your attack.
* * * LOW HITPOINT WARNING * * *
You feel extremely sick.
A five-headed hydra comes into view.
You barely miss the will-o-the-wisp.
The five-headed hydra roars!
Your headbutt misses the will-o-the-wisp.
* * * LOW HITPOINT WARNING * * *
You feel very sick. You block the will-o-the-wisp's attack.
Okay, then.
Blink to where?
Press: ? - help, Dir - move target
As you read the scroll of blinking, it crumbles to dust.
* * * LOW HITPOINT WARNING * * *
You feel very sick.
* * * LOW HITPOINT WARNING * * *
You feel very sick.
There is a stone staircase leading up here.
* * * LOW HITPOINT WARNING * * *
You feel very sick.
You climb upwards.
You die...

♣♣♣♣♣♣♣♣♣♣♣♣♣♣♣♣♣ ♣
.♣~......♣♣...~.♣♣ ♣♣♣ ♣♣♣♣
~..~~..~...~~~~~@♣♣♣♣~♣♣♣♣ ♣♣♣~..
~.<~..~~.~.~..........~~.♣♣♣...~~
~[....§~.♣♣♣♣.~..~~~~....~♣..~~~~
~...~....♣♣♣♣.~~.~~~~~..~....~~~~
..........♣♣~~~~.~~~~.......~~~~.
.~~...~~~§♣♣♣~....~~~~~....~~§~~~
.~~~~~~~.♣♣ ♣......~~~~~..~~~~~~~
~~~~~~~~.♣ ♣.~~..~~~~~~~.~~~..~§
♣♣♣♣♣~♣.♣♣ ♣♣~♣~....~~~....♣♣♣.~


There were no monsters in sight!

Vanquished Creatures
  A storm dragon (D:14)
  An ironbound preserver (D:13)
  2 stone giants (D:11)
  An eleionoma (Swamp:2)
  2 bunyips (Swamp:1)
  A minotaur (Gauntlet)
  Josephine (Lair:5)
  2 vault guards (Bailey)
  2 catoblepae
  2 alligators
  5 hydras
  2 ogre magi (Orc:2)
  6 centaur warriors
  5 boulder beetles
  Erica (Orc:1)
  A death knight (D:14)
  4 two-headed ogres
  A tengu warrior (D:11)
  3 thrashing horrors (Lair:5)
  4 death yaks (Lair:4)
  Nergalle (D:12)
  4 skysharks
  3 goliath frogs
  3 skeletal warriors (D:14)
  2 spriggan druids (Swamp:1)
  A glowing orange brain (D:13)
  A bog body (Swamp:1)
  An orb spider (Lair:3)
  An obsidian statue (Gauntlet)
  A necromancer (Gauntlet)
  A swamp dragon (Swamp:2)
  2 lindwurms
  A harpy (shapeshifter) (Lair:5)
  A harpy (D:11)
  A deep elf pyromancer (D:14)
  2 manticores
  8 orc sorcerers (Orc:2)
  8 cyclopes
  2 large abominations (Lair:5)
  11 elephants (Lair:5)
  17 ugly things
  2 guardian serpents (D:12)
  3 black mambas
  2 smoke demons (Lair:5)
  5 gargoyles
  Maggie (D:8)
  12 cane toads
  A rime drake (Lair:4)
  2 freezing wraiths (D:14)
  3 kobold demonologists
  9 komodo dragons
  An efreet (D:14)
  A tengu conjurer (D:14)
  9 trolls
  A bloated husk (Swamp:1)
  A polar bear (Lair:1)
  A tarantella (shapeshifter) (D:13)
  2 hornets
  4 tyrant leeches (Swamp:1)
  2 raiju
  Prince Ribbit (Bailey)
  Grinder (D:5)
  A tarantella (Lair:4)
  A snapping turtle (shapeshifter) (D:14)
  27 blink frogs
  5 slime creatures
  2 spriggans (Lair:5)
  2 jumping spiders (Lair:4)
  Sigmund (D:2)
  3 shadows
  8 wraiths
  2 vampires
  2 ynoxinuls (Lair:5)
  2 wyverns (D:9)
  8 basilisks
  8 humans (Bailey)
  39 yaks
  2 chaos spawn (Lair:5)
  A redback (Lair:4)
  10 vampire mosquitoes
  2 steam dragons (Gauntlet)
  A warg (Orc:1)
  8 swamp worms
  A redback simulacrum (D:14)
  15 water moccasins
  An acid dragon (D:11)
  A meliai simulacrum (D:11)
  7 orc warriors
  An ice beast (D:8)
  4 sky beasts
  2 black bears
  3 boggarts (D:14)
  6 ogres
  11 small abominations (Lair:5)
  29 wolves
  A phantom (D:12)
  16 centaurs
  5 kobold brigands
  3 necrophages (D:7)
  21 bullfrogs
  A wyvern zombie (D:7)
  A gnoll sergeant (D:8)
  5 scorpions
  9 wights
  14 killer bees
  3 troll zombies (D:12)
  6 howler monkeys
  4 electric eels (D:10)
  3 lava snakes (Lair:4)
  10 orc priests
  3 centaur zombies (D:7)
  A jelly (D:6)
  4 hounds
  2 sleepcaps
  3 iguanas
  35 orc wizards
  2 hell rats (Lair:4)
  5 ogre zombies (D:12)
  5 gnolls (D:8)
  11 adders
  14 river rats
  2 white imps
  9 ufetubi
  2 worms
  2 dart slugs
  52 orcs
  16 ball pythons
  12 endoplasms
  6 giant cockroaches
  10 goblins
  10 hobgoblins
  7 jackals
  12 quokkas
  10 bats
  A frilled lizard (D:2)
  4 gnoll skeletons (D:12)
  A gnoll zombie (D:12)
  22 kobolds
  6 orc skeletons (D:12)
  14 orc zombies (D:12)
  3 rats
787 creatures vanquished.

Vanquished Creatures (collateral kills)
  2 lindwurms (Lair:4)
2 creatures vanquished.

Vanquished Creatures (others)
  A kobold (D:8)
1 creature vanquished.

Grand Total: 790 creatures vanquished

Notes
Turn   | Place    | Note
-------+----------+-------------------------------------------
     0 | D:1      | stendehmen the Minotaur Fighter began the quest for the
                  | Orb.
     0 | D:1      | Reached XP level 1. HP: 19/19 MP: 0/0
   182 | D:1      | Reached XP level 2. HP: 27/27 MP: 1/1
   439 | D:1      | Reached skill level 3 in Axes
   534 | D:1      | Reached XP level 3. HP: 33/33 MP: 2/2
   870 | D:2      | Noticed Sigmund
   888 | D:2      | Killed Sigmund
   889 | D:2      | Reached skill level 4 in Axes
   889 | D:2      | Reached XP level 4. HP: 17/41 MP: 3/3
   889 | D:2      | Reached XP level 5. HP: 20/47 MP: 4/4
  1524 | D:3      | Reached skill level 5 in Fighting
  1547 | D:3      | Reached skill level 5 in Armour
  1547 | D:3      | Reached skill level 5 in Shields
  1570 | D:3      | Found Yleesuoc's Assorted Antiques.
  1577 | D:3      | Bought a small ruby ring for 110 gold pieces
  1579 | D:3      | Found Buibbok's Book Shoppe.
  1723 | D:3      | Found Vafy's Antique Armour Boutique.
  1898 | D:3      | Reached XP level 6. HP: 49/56 MP: 5/5
  2010 | D:3      | Found a white marble altar of Elyvilon.
  2433 | D:4      | Identified the of Boxel
  2492 | D:4      | Found an ornate altar of the Wu Jian Council.
  2525 | D:4      | Found a radiant altar of Vehumet.
  2551 | D:4      | Found a glowing golden altar of the Shining One.
  2554 | D:4      | Became a worshipper of the Shining One
  2603 | D:4      | Found a glowing drain.
  2624 | Sewer    | Entered a sewer
  2802 | Sewer    | Reached XP level 7. HP: 62/62 MP: 6/6
  2821 | Sewer    | Reached skill level 5 in Axes
  3389 | D:4      | Found an opulent altar of Gozag.
  3716 | D:5      | Entered Level 5 of the Dungeon
  3725 | D:5      | Reached skill level 1 in Invocations
  3740 | D:5      | Found a sacrificial altar of Ru.
  3761 | D:5      | Noticed Grinder
  3774 | D:5      | Killed Grinder
  3902 | D:5      | Reached skill level 6 in Axes
  3910 | D:5      | Reached * piety under the Shining One
  3911 | D:5      | Reached XP level 8. HP: 43/71 MP: 8/8
  4048 | D:5      | Found a staircase to the Ecumenical Temple.
  4057 | Temple   | Entered the Ecumenical Temple
  4159 | D:5      | Found a broken altar of Ashenzari.
  4974 | D:6      | Reached skill level 7 in Axes
  5338 | D:6      | Found a shimmering blue altar of Sif Muna.
  5496 | D:7      | Reached XP level 9. HP: 56/82 MP: 10/10
  5790 | D:7      | Reached skill level 8 in Axes
  6102 | D:3      | Gained mutation: Your spells are a little easier to cast,
                  | but a little less powerful. [potion of mutation]
  6102 | D:3      | Gained mutation: You occasionally lose the ability to drink
                  | potions when taking damage. [potion of mutation]
  6103 | D:3      | Lost mutation: You occasionally lose the ability to drink
                  | potions when taking damage. [potion of mutation]
  6103 | D:3      | Lost mutation: Your spells are a little easier to cast, but
                  | a little less powerful. [potion of mutation]
  6103 | D:3      | Gained mutation: You are agile. (Dex +4, Str/Int -1)
                  | [potion of mutation]
  6103 | D:3      | Gained mutation: Your spells are a little harder to cast,
                  | but a little more powerful. [potion of mutation]
  6103 | D:3      | Gained mutation: Your muscles are strong. (Str +4, Int/Dex
                  | -1) [potion of mutation]
  6374 | D:7      | Found a blossoming altar of Fedhas.
  6378 | D:7      | Reached ** piety under the Shining One
  6439 | D:7      | Noticed a gargoyle
  6441 | D:7      | Found a faded altar of an unknown god.
  6448 | D:7      | Killed a gargoyle
  6449 | D:7      | Found a hazy altar of Hepliaklqana.
  6677 | D:7      | Reached skill level 9 in Axes
  6918 | D:7      | Reached XP level 10. HP: 93/93 MP: 12/12
  7054 | D:7      | Reached skill level 10 in Fighting
  7140 | D:7      | Reached *** piety under the Shining One
  7167 | D:8      | Reached skill level 1 in Dodging
  7182 | D:8      | Reached skill level 10 in Armour
  7185 | D:8      | Found Ywaet's Magic Scroll Emporium.
  7192 | D:8      | Bought a scroll of revelation for 112 gold pieces
  7259 | D:8      | Found a flagged portal.
  7268 | Bailey   | Entered a bailey
  7349 | Bailey   | Reached skill level 5 in Invocations
  7379 | Bailey   | Noticed Prince Ribbit
  7379 | Bailey   | Noticed a vault guard
  7386 | Bailey   | Killed Prince Ribbit
  7390 | Bailey   | Killed a vault guard
  7391 | Bailey   | Reached skill level 10 in Axes
  7558 | Bailey   | Noticed a vault guard
  7570 | Bailey   | Killed a vault guard
  7894 | D:8      | Found Beca's Antique Weapon Shop.
  8002 | D:8      | Noticed Maggie
  8010 | D:8      | Killed Maggie
  8011 | D:8      | Reached XP level 11. HP: 85/102 MP: 14/14
  8137 | D:8      | Found Vynen's Jewellery Shop.
  8149 | D:8      | Found Doullymn's Distillery.
  8806 | D:9      | Reached skill level 11 in Axes
  8843 | D:9      | Noticed a boulder beetle
  8850 | D:9      | Killed a boulder beetle
  9406 | D:9      | Reached skill level 12 in Axes
  9769 | D:10     | Entered Level 10 of the Dungeon
  9823 | D:10     | Reached **** piety under the Shining One
  9916 | D:10     | Noticed a two-headed ogre
  9923 | D:10     | Killed a two-headed ogre
  9924 | D:10     | Reached skill level 13 in Axes
 10713 | D:10     | Noticed a two-headed ogre
 10720 | D:10     | Killed a two-headed ogre
 11181 | D:11     | Noticed a boulder beetle
 11192 | D:10     | Reached skill level 14 in Axes
 11558 | D:11     | Found a staircase to the Lair.
 11838 | D:11     | Noticed a cyan ugly thing
 11843 | D:11     | Killed a cyan ugly thing
 12184 | D:11     | Reached XP level 12. HP: 111/111 MP: 15/15
 12247 | D:11     | Noticed an ogre mage
 12248 | D:11     | Noticed a tengu warrior
 12248 | D:11     | Noticed a centaur warrior
 12261 | D:11     | Paralysed by an ogre mage for 4 turns
 12278 | D:11     | Killed a tengu warrior
 12300 | D:11     | Killed a centaur warrior
 12607 | D:11     | Killed a boulder beetle
 12642 | D:11     | Reached skill level 5 in Dodging
 12704 | D:11     | Noticed a stone giant
 12713 | D:11     | Killed a stone giant
 12714 | D:11     | Reached skill level 15 in Axes
 12751 | D:11     | Noticed a stone giant
 12761 | D:11     | Killed a stone giant
 12816 | D:11     | Identified the +3 dagger of Avant Garde Prudence {spect,
                  | Str+2 Int+2}
 12926 | Lair:1   | Entered Level 1 of the Lair of Beasts
 14035 | Lair:2   | Noticed an eight-headed hydra
 14035 | Lair:2   | Noticed a five-headed hydra
 14045 | Lair:2   | Noticed a catoblepas
 14069 | Lair:2   | Killed a catoblepas
 14637 | Lair:2   | Reached XP level 13. HP: 105/122 MP: 17/17
 14987 | Lair:2   | Reached skill level 16 in Axes
 15249 | Lair:2   | Found a staircase to the Swamp.
 16604 | D:12     | Reached ***** piety under the Shining One
 16614 | D:12     | Found a staircase to the Orcish Mines.
 16843 | D:12     | Noticed Nergalle
 16855 | D:12     | Killed Nergalle
 17092 | Orc:1    | Entered Level 1 of the Orcish Mines
 17129 | Orc:1    | Noticed Erica
 17138 | Orc:1    | Killed Erica
 17581 | Lair:3   | Found a hole to the Spider Nest.
 18054 | Lair:2   | Identified a scroll of acquirement
 18055 | Lair:2   | Acquired 329 gold pieces
 18351 | D:3      | Bought a manual of Axes for 1040 gold pieces
 19040 | Lair:4   | Found a gate leading to a gauntlet.
 19083 | Gauntlet | Entered a Gauntlet
 19083 | Gauntlet | Found a transporter.
 19083 | Gauntlet | Found a transporter.
 19083 | Gauntlet | Found a transporter.
 19092 | Gauntlet | Found a runed translucent door.
 19095 | Gauntlet | Found a transporter.
 19096 | Gauntlet | Found a transporter.
 19100 | Gauntlet | Found a runed translucent door.
 19102 | Gauntlet | Found a runed translucent door.
 19104 | Gauntlet | Found a transporter.
 19107 | Gauntlet | Found a transporter.
 19115 | Gauntlet | Found a transporter.
 19133 | Gauntlet | Found a transporter.
 19138 | Gauntlet | Found a transporter.
 19141 | Gauntlet | Found a transporter.
 19152 | Gauntlet | Found a transporter.
 19423 | Gauntlet | Identified the ring "Rasitiuxt" {Ice Str+2 Int+3 Dex+8}
 19430 | Gauntlet | Reached skill level 17 in Axes
 19505 | Gauntlet | Noticed a minotaur
 19517 | Gauntlet | Killed a minotaur
 19531 | Gauntlet | Identified the amulet of Icafro {RegenMP rC+ Int+2}
 19619 | Lair:4   | Reached XP level 14. HP: 128/133 MP: 18/18
 19895 | Lair:4   | Reached skill level 18 in Axes
 20084 | Lair:4   | Found a runed translucent door.
 20348 | Lair:4   | Identified the +10 whip "Nahivac" {heavy, rC- rCorr Stlth+}
 20360 | Lair:4   | Found a runed translucent gate.
 20360 | Lair:4   | Found a runed translucent gate.
 20360 | Lair:4   | Found a runed translucent gate.
 20360 | Lair:4   | Found a runed translucent gate.
 20361 | Lair:4   | Found a runed translucent gate.
 20365 | Lair:4   | Found a runed translucent gate.
 20394 | Lair:4   | Reached skill level 19 in Axes
 20755 | Lair:5   | Entered Level 5 of the Lair of Beasts
 20784 | Lair:5   | Reached skill level 20 in Axes
 20907 | Lair:5   | Reached skill level 21 in Axes
 21064 | Lair:5   | Reached skill level 22 in Axes
 21069 | Lair:5   | Reached ****** piety under the Shining One
 21247 | Lair:5   | Identified a +6 broad axe of holy wrath (a +4 broad axe of
                  | chaos blessed by the Shining One)
 21247 | Lair:5   | Received a gift from the Shining One
 21454 | Lair:5   | Found a glowing silver altar of Zin.
 21516 | Lair:5   | Noticed Josephine
 21524 | Lair:5   | Killed Josephine
 21557 | Lair:5   | Found a staircase to the Slime Pits.
 21785 | Lair:5   | Reached skill level 23 in Axes
 21914 | Lair:5   | Reached XP level 15. HP: 129/139 MP: 19/19
 21938 | Lair:5   | Found a corrupted altar of Lugonu.
 21938 | Lair:5   | Found a one-way gate to the infinite horrors of the Abyss.
 22046 | Lair:5   | Identified the +0 ring mail of the Trombone {Will+ Int+3}
 22381 | Orc:2    | Entered Level 2 of the Orcish Mines
 22430 | Orc:2    | Found Owu Odaipy's Weapon Shoppe.
 22469 | Orc:2    | Found a staircase to the Elven Halls.
 22778 | Orc:2    | Found Pal Jas's Antique Armour Shop.
 22808 | Orc:2    | Found Etioloma's Magic Scroll Boutique.
 22818 | Orc:2    | Bought a scroll of enchant armour for 105 gold pieces
 22818 | Orc:2    | Bought a scroll of enchant weapon for 105 gold pieces
 22842 | Orc:2    | Found an ancient bone altar of Kikubaaqudgha.
 22878 | Orc:2    | Found a radiant altar of Vehumet.
 22896 | Orc:2    | Paralysed by an orc sorcerer for 2 turns
 22901 | Orc:2    | Found Xitoigush's Jewellery Boutique.
 22924 | Orc:2    | Found Fewuod's Book Shop.
 23507 | D:13     | Found a gate to the Vaults.
 24957 | D:14     | Reached skill level 15 in Fighting
 25004 | D:14     | Noticed a storm dragon
 25015 | D:14     | Killed a storm dragon
 25019 | D:14     | Reached skill level 15 in Armour
 25691 | Swamp:1  | Entered Level 1 of the Swamp
 25890 | Orc:2    | Bought a pitted plate armour for 812 gold pieces
 25890 | Orc:2    | Identified the +7 plate armour "Elykiam" {Will+} (You
                  | bought it in a shop on level 2 of the Orcish Mines)
 25901 | Orc:2    | Lost mutation: Your muscles are strong. (Str +4, Int/Dex
                  | -1) [potion of mutation]
 25901 | Orc:2    | Lost mutation: Your spells are a little harder to cast, but
                  | a little more powerful. [potion of mutation]
 25901 | Orc:2    | Lost mutation: You are agile. (Dex +4, Str/Int -1) [potion
                  | of mutation]
 25901 | Orc:2    | Gained mutation: Your flesh is cold resistant. (rC+)
                  | [potion of mutation]
 25901 | Orc:2    | Gained mutation: Your magical capacity is low. (-10% MP)
                  | [potion of mutation]
 25901 | Orc:2    | Gained mutation: You are dopey. (Int -2) [potion of
                  | mutation]
 25901 | Orc:2    | Gained mutation: Your muscles are strong. (Str +4, Int/Dex
                  | -1) [potion of mutation]
 25923 | Orc:2    | Lost mutation: Your flesh is cold resistant. (rC+) [potion
                  | of mutation]
 25923 | Orc:2    | Lost mutation: Your muscles are strong. (Str +4, Int/Dex
                  | -1) [potion of mutation]
 25923 | Orc:2    | Gained mutation: Armour fits poorly on your strangely
                  | shaped body. [potion of mutation]
 25923 | Orc:2    | Gained mutation: Your body sometimes deteriorates upon
                  | taking damage. [potion of mutation]
 25923 | Orc:2    | Gained mutation: You possess an exceptional clarity of
                  | mind. [potion of mutation]
 25923 | Orc:2    | Gained mutation: You are partially covered in iridescent
                  | scales. (AC +2) [potion of mutation]
 25924 | Orc:2    | Lost mutation: Armour fits poorly on your strangely shaped
                  | body. [potion of mutation]
 25924 | Orc:2    | Lost mutation: You are dopey. (Int -2) [potion of mutation]
 25924 | Orc:2    | Lost mutation: You possess an exceptional clarity of mind.
                  | [potion of mutation]
 25924 | Orc:2    | Gained mutation: You are mostly covered in iridescent
                  | scales. (AC +4) [potion of mutation]
 25924 | Orc:2    | Gained mutation: You expend magic power (3 MP) to
                  | strengthen your wands. [potion of mutation]
 26419 | Swamp:1  | Reached XP level 16. HP: 149/149 MP: 19/19
 26899 | Swamp:2  | HP: 7/149 [poison (poison gas)]
 26900 | Swamp:2  | HP: 3/149 [poison (poison gas)]
 26901 | Swamp:1  | Succumbed to poison (poison gas)

Illustrated notes

Levels and vault maps discovered:
D:1:      dpeg_arrival_round_b, layout_basic
D:2:      layout_basic, solitary_fountain, uniq_sigmund
D:3:      layout_basic, elyvilon_altar_5, serial_shops, shop, shop, shop
D:4:      layout_basic, grunt_gozag_statues, mainiacjoe_overflow_tiny_flanked,
          tso_oasis_becter, nicolae_wu_jian_wuxing_cycle, gup_sewer_entry_pipe
D:5:      layout_cave_pools, cheibrodos_ashenzari_chains,
          nicolae_overflow_crystal_walls, temple_hall,
          minmay_increasing_density, uniq_grinder
D:6:      layout_loops_cross, lemuel_round_altar
D:7:      layout_loops_ring, fedhas_altar_decomposition,
          beargit_hepliaklqana_dungeon_heroes, worms_lemuel
D:8:      layout_loops_ring, serial_shops, nicolae_shop_tiny_real_fake_doors,
          nicolae_shop_pleasant_corner_grove, nicolae_shop_trees,
          nicolae_shop_gaudy_bauble, enter_bailey_8, uniq_maggie
D:9:      minmay_bubble_buster, layout_basic
D:10:     layout_basic, minmay_unpleasant_kobolds
D:11:     minmay_sliced_demisemicircle, layout_irregular_city,
          david_lair_shrubbed
D:12:     nrook_guardian_serpent_snake_passage, layout_loops_corners,
          zombieorc2_lemuel, uniq_nergalle
D:13:     layout_irregular_city, hellmonk_vaults_order_and_chaos
D:14:     layout_layer_cave, grunt_ministairs_8, evilmike_minifort
Temple:   hellmonk_temple_forest_ring
Lair:1:   layout_roguey, minmay_holes
Lair:2:   beast_lair_carwin_large_3, layout_loops_ring,
          palyth_hydra_swamp_entry, lemuel_fruit_tree
Lair:3:   layout_regular_city, nicolae_spider_entry_orb_guardian,
          grunt_megastairs_5
Lair:4:   gammafunk_indiana_jones, layout_long_grid, gauntlet_entry_generic,
          kennysheep_rathole, serial_bayou_shore_b, grunt_megastairs_4
Lair:5:   hellmonk_lair_end_abyssal_woods, layout_regular_city,
          dpeg_slime_entry_enclosed, basic_altar, uniq_josephine
Swamp:1:  nicolae_swamp_ascending_descending_big, layout_basic_swamp,
          nicolae_swamp_stuck_in_the_mud
Swamp:2:  layout_falls_marsh, evilmike_swamp_ruin_house_1
Orc:1:    layout_diamond_mine, uniq_erica
Orc:2:    kennysheep_orc_mage_school, layout_diamond_mine, serial_shops,
          nicolae_shop_bloodbath_and_beyond

Skill      XL: |  1  2  3  4  5  6  7  8  9 10 11 12 13 14 15 |
---------------+----------------------------------------------+-----
Fighting       | 4 5 6 8 9 11 13 14 15 | 15.4
Armour         | 4 5 6 8 9 11 13 14 15 | 15.3
Shields        | 4 5 7 9 |  9.4
Axes           | 3 4 6 7 9 10 14 15 17 23 | 23.8
Invocations    | 2 3 4 5 6 7 9 |  9.3
Dodging        | 4 6 7 9 |  9.2

Action                     |  1- 3 |  4- 6 |  7- 9 | 10-12 | 13-15 | 16-18 || total
---------------------------+-------+-------+-------+-------+-------+-------++-------
  Melee: War axe           |    73 |   143 |   245 |   216 |   611 |       ||  1288
         Headbutt          |    11 |    14 |    44 |   111 |   271 |     6 ||   457
         Broad axe         |       |       |       |   233 |   346 |    27 ||   606
  Throw: Dart              |       |       |       |       |     2 |       ||     2
 Invoke: Divine Shield     |       |       |       |     7 |    18 |       ||    25
         Summon Divine War |       |       |       |       |     1 |       ||     1
         Brand Weapon With |       |       |       |       |     1 |       ||     1
  Evoke: Wand              |       |       |       |     2 |       |       ||     2
    Use: Scroll            |       |       |    11 |    23 |     7 |     1 ||    42
         Potion            |       |       |     5 |     3 |     5 |       ||    13
 Armour: Scale mail        |    42 |   116 |    60 |       |       |       ||   218
         Quicksilver drago |       |       |    91 |    36 |       |       ||   127
         Chain mail        |       |       |    15 |       |       |       ||    15
         Plate armour      |       |       |       |   279 |   447 |    14 ||   740
         Skin              |       |       |       |     3 |       |       ||     3
  Dodge: Dodged            |    21 |    46 |    96 |   157 |   222 |     8 ||   550
  Block: Buckler           |    17 |    21 |   116 |   182 |       |       ||   336
         Reflection        |       |       |     2 |    20 |    52 |       ||    74
         Kite shield       |       |       |       |   141 |   774 |    16 ||   931

Table legend: (Time is in decaauts)
 A = Elapsed time spent in this place.
 B = Non-inter-level travel time spent in this place.
 C = Inter-level travel time spent in this place.
 D = Time resting spent in this place.
 E = Time spent auto-exploring this place.
 F = Levels seen in this place.
 G = Mean time per level.
                   A        B        C        D        E       F      G
               +--------+--------+--------+--------+--------+-----+--------+
         Total |  27095 |  24194 |   2901 |   1644 |  17819 |  27 | 1003.5 |
       Dungeon |  16482 |  14603 |   1879 |   1053 |  10969 |  14 | 1177.3 |
        Temple |      9 |      9 |      0 |      0 |      0 |   1 |    9.0 |
          Lair |   6609 |   5924 |    685 |    364 |   4482 |   5 | 1321.8 |
         Swamp |    846 |    815 |     31 |      0 |    657 |   2 |  423.0 |
  Orcish Mines |   1348 |   1044 |    304 |      0 |    780 |   2 |  674.0 |
         Sewer |    709 |    709 |      0 |      0 |    525 |   1 |  709.0 |
        Bailey |    575 |    575 |      0 |    227 |    139 |   1 |  575.0 |
      Gauntlet |    514 |    514 |      0 |      0 |    266 |   1 |  514.0 |
               +--------+--------+--------+--------+--------+-----+--------+

Top non-repeatable levels by time:
    D:11: 1944 daAuts
  Lair:2: 1688 daAuts
    D:10: 1660 daAuts
     D:7: 1608 daAuts
  Lair:5: 1473 daAuts
    D:12: 1456 daAuts
    D:14: 1393 daAuts
  Lair:4: 1278 daAuts
     D:9: 1232 daAuts
     D:3: 1214 daAuts
  Lair:1: 1174 daAuts
     D:5: 1058 daAuts
   Orc:2: 1026 daAuts
  Lair:3: 994 daAuts
     D:8: 932 daAuts
